APL (24 & UNDER)
PENSACOLA PILOTS @ ATHENS ASSASSINS
06/23/2030
 
TOP OF THE 1ST
Pensacola Pilots batting - Pitching for Athens Assassins : RHP Don Ford
Pitching: RHP Don Ford
Batting: RHB Tony Pulla 0-0: Called Strike
0-1: DOUBLE (Line Drive, 89XD)
Batting: SHB Carlos González 0-0: Ball
1-0: Called Strike
1-1: SINGLE (Groundball, 3D)
Tony Pulla to third
Batting: RHB Albert Morán 0-0: Called Strike
0-1: Ball
1-1: Ball
2-1: Grounds into double play, 5-4-3 (Groundball, 56)
Tony Pulla scores
Batting: LHB Preston Hamilton 0-0: Ball
1-0: Called Strike
1-1: Fly out, F8 (Flyball, 8LXD)
Top of the 1st over - 1 run, 2 hits, 0 errors, 0 left on base; Pensacola 1 - Athens 0
BOTTOM OF THE 1ST
Athens Assassins batting - Pitching for Pensacola Pilots : RHP Robin Richmond
Pitching: RHP Robin Richmond
Batting: RHB Mel Wells 0-0: Ball
1-0: Ball
2-0: Ball
3-0: Base on Balls
Batting: RHB Luis López 0-0: Called Strike
0-1: Ball
1-1: Ball
2-1: Ball
3-1: Base on Balls
Mel Wells to second
Batting: RHB John Jones 0-0: Ball
1-0: Swinging Strike
1-1: Ball
Wild Pitch!
Mel Wells to third
Luis López to second
2-1: Foul Ball, location: 2F
2-2: Strikes out swinging
Batting: RHB Jonathon García 0-0: Swinging Strike
0-1: Ball
1-1: Ball
2-1: Foul Ball, location: 2F
2-2: Ball
3-2: Strikes out swinging
Batting: RHB Maximino Abbado 0-0: Foul Ball, location: 2F
0-1: Ball
1-1: Ball
2-1: Fly out, F6 (Line Drive, 6M)
Bottom of the 1st over - 0 runs, 0 hits, 0 errors, 2 left on base; Pensacola 1 - Athens 0
TOP OF THE 2ND
Pensacola Pilots batting - Pitching for Athens Assassins : RHP Don Ford
Batting: RHB Lawrence Davidson 0-0: Foul Ball, location: 2F
0-1: Fly out, F7 (Flyball, 78S)
Batting: RHB Felipe Hernández 0-0: Ball
1-0: SINGLE (Groundball, 6D)
Batting: RHB George Martin 0-0: Ball
1-0: Ball
2-0: Called Strike
2-1: Foul Ball, location: 2F
2-2: Foul Ball, location: 2F
2-2: Strikes out swinging
Batting: RHB Pietro Ciccoritti 0-0: Ball
1-0: Foul Ball, location: 2F
1-1: Ball
2-1: Foul Ball, location: 2F
2-2: Fielders Choice at 2nd, 5-4 (Groundball, 5)
Top of the 2nd over - 0 runs, 1 hit, 0 errors, 1 left on base; Pensacola 1 - Athens 0
BOTTOM OF THE 2ND
Athens Assassins batting - Pitching for Pensacola Pilots : RHP Robin Richmond
Batting: RHB Jorge Loanos 0-0: Called Strike
0-1: Ball
1-1: Swinging Strike
1-2: Strikes out looking
Batting: RHB Jake Erickson 0-0: Ball
1-0: Ground out 6-3 (Groundball, 6)
Batting: RHB Júlio Castillo 0-0: Called Strike
0-1: Foul Ball, location: 2F
0-2: Strikes out swinging
Bottom of the 2nd over - 0 runs, 0 hits, 0 errors, 0 left on base; Pensacola 1 - Athens 0
TOP OF THE 3RD
Pensacola Pilots batting - Pitching for Athens Assassins : RHP Don Ford
Batting: RHB Timothy Foster 0-0: Bunted foul
0-1: Swinging Strike
0-2: Strikes out swinging
Batting: RHB Tony Pulla 0-0: Ground out 1-3 (Groundball, 13S)
Batting: SHB Carlos González 0-0: Fly out, F9 (Flyball, 89S)
Top of the 3rd over - 0 runs, 0 hits, 0 errors, 0 left on base; Pensacola 1 - Athens 0
BOTTOM OF THE 3RD
Athens Assassins batting - Pitching for Pensacola Pilots : RHP Robin Richmond
Batting: RHB Alfonso Flores 0-0: Ball
1-0: Fly out, F9 (Flyball, 89S)
Batting: RHB Mel Wells 0-0: Called Strike
0-1: Swinging Strike
0-2: Strikes out swinging, 2-3 out at first.
Batting: RHB Luis López 0-0: Foul Ball, location: 2F
0-1: Ball
1-1: Ball
2-1: Ground out 5-3 (Groundball, 56S)
Bottom of the 3rd over - 0 runs, 0 hits, 0 errors, 0 left on base; Pensacola 1 - Athens 0
TOP OF THE 4TH
Pensacola Pilots batting - Pitching for Athens Assassins : RHP Don Ford
Batting: RHB Albert Morán 0-0: Ball
1-0: Ball
2-0: Ball
3-0: Called Strike
3-1: Fly out, F8 (Flyball, 8RM)
Batting: LHB Preston Hamilton 0-0: Swinging Strike
0-1: Fly out, F8 (Flyball, 8RS)
Batting: RHB Lawrence Davidson 0-0: Ball
1-0: Foul Ball, location: 2F
1-1: Foul Ball, location: 2F
1-2: Foul Ball, location: 2F
1-2: SINGLE (Groundball, 56D)
Batting: RHB Felipe Hernández 0-0: Ball
1-0: Called Strike
1-1: Ball
2-1: Foul Ball, location: 2F
2-2: Strikes out looking
Top of the 4th over - 0 runs, 1 hit, 0 errors, 1 left on base; Pensacola 1 - Athens 0
BOTTOM OF THE 4TH
Athens Assassins batting - Pitching for Pensacola Pilots : RHP Robin Richmond
Batting: RHB John Jones 0-0: Ball
1-0: Foul Ball, location: 2F
1-1: Foul Ball, location: 2F
1-2: Ball
2-2: Strikes out swinging
Batting: RHB Jonathon García 0-0: Ball
1-0: Ball
2-0: Called Strike
2-1: Ball
3-1: Ground out 4-3 (Groundball, 4)
Batting: RHB Maximino Abbado 0-0: Ball
1-0: Called Strike
1-1: Fly out, F8 (Flyball, 8LM)
Bottom of the 4th over - 0 runs, 0 hits, 0 errors, 0 left on base; Pensacola 1 - Athens 0
TOP OF THE 5TH
Pensacola Pilots batting - Pitching for Athens Assassins : RHP Don Ford
Batting: RHB George Martin 0-0: Ball
1-0: Foul Ball, location: 2F
1-1: Foul Ball, location: 2F
1-2: Ground out 4-3 (Groundball, 4)
Batting: RHB Pietro Ciccoritti 0-0: Ball
1-0: Ground out 6-3 (Groundball, 6)
Batting: RHB Timothy Foster 0-0: Called Strike
0-1: SINGLE (Groundball, 34D)
Batting: RHB Tony Pulla 0-0: Ball
1-0: Swinging Strike
1-1: Foul Ball, location: 2F
1-2: Ball
2-2: Ball
3-2: Fly out, F9 (Line Drive, 9S)
Top of the 5th over - 0 runs, 1 hit, 0 errors, 1 left on base; Pensacola 1 - Athens 0
BOTTOM OF THE 5TH
Athens Assassins batting - Pitching for Pensacola Pilots : RHP Robin Richmond
Batting: RHB Jorge Loanos 0-0: Foul Ball, location: 2F
0-1: Called Strike
0-2: Ground out 6-3 (Groundball, 6)
Batting: RHB Jake Erickson 0-0: Called Strike
0-1: Ball
1-1: Called Strike
1-2: Ball
2-2: SINGLE (Groundball, 6MD)
Batting: RHB Júlio Castillo 0-0: Ball
1-0: Called Strike
Jake Erickson steals 2nd base
1-1: Ground out 6-3 (Groundball, 6)
Jake Erickson to third
Batting: RHB Alfonso Flores 0-0: Ball
1-0: Ball
2-0: Ball
3-0: Called Strike
3-1: Foul Ball, location: 2F
3-2: Strikes out swinging
Bottom of the 5th over - 0 runs, 1 hit, 0 errors, 1 left on base; Pensacola 1 - Athens 0
TOP OF THE 6TH
Pensacola Pilots batting - Pitching for Athens Assassins : RHP Don Ford
Batting: SHB Carlos González 0-0: SINGLE (Groundball, 34D)
Batting: RHB Albert Morán 0-0: Ball
1-0: Foul Ball, location: 2F
1-1: Ball
2-1: Ball
3-1: Called Strike
3-2: Fielders Choice at 2nd, 6-4 (Groundball, 6)
Batting: LHB Preston Hamilton 0-0: Ball
1-0: Grounds into double play, 4-6-3 (Groundball, 4)
Top of the 6th over - 0 runs, 1 hit, 0 errors, 0 left on base; Pensacola 1 - Athens 0
BOTTOM OF THE 6TH
Athens Assassins batting - Pitching for Pensacola Pilots : RHP Robin Richmond
Batting: RHB Mel Wells 0-0: Ball
1-0: Swinging Strike
1-1: Foul Ball, location: 2F
1-2: Strikes out looking
Batting: RHB Luis López 0-0: SINGLE (Groundball, 56D)
Batting: RHB John Jones 0-0: Called Strike
0-1: Foul Ball, location: 2F
0-2: Foul Ball, location: 2F
0-2: Ball
1-2: Ball
Wild Pitch!
Luis López to second
2-2: Ball
3-2: Foul Ball, location: 2F
3-2: Base on Balls
Batting: RHB Jonathon García 0-0: Ball
1-0: Foul Ball, location: 2F
1-1: Ball
2-1: Fly out, F8 (Flyball, 8RD)
Batting: RHB Maximino Abbado 0-0: Ball
1-0: Foul Ball, location: 2F
1-1: Ball
2-1: Swinging Strike
2-2: Ball
3-2: Strikes out swinging
Bottom of the 6th over - 0 runs, 1 hit, 0 errors, 2 left on base; Pensacola 1 - Athens 0
TOP OF THE 7TH
Pensacola Pilots batting - Pitching for Athens Assassins : RHP Don Ford
Batting: RHB Lawrence Davidson 0-0: Ball
1-0: Ball
2-0: Called Strike
2-1: SINGLE (Groundball, 56D)
Batting: RHB Felipe Hernández Pickoff Throw to First - Out!
0-0: Foul Ball, location: 2F
0-1: Ball
1-1: Called Strike
1-2: Fly out, F8 (Flyball, 8LXD)
Batting: RHB George Martin 0-0: Called Strike
0-1: Ball
1-1: Ball
2-1: Swinging Strike
2-2: DOUBLE (Flyball, 78D)
Batting: RHB Pietro Ciccoritti 0-0: Ball
1-0: Called Strike
1-1: Ball
2-1: Ball
3-1: Base on Balls
Pinch Hitting: RHB Bill Andrews 0-0: Ball
1-0: Ball
2-0: Swinging Strike
2-1: Swinging Strike
2-2: Strikes out swinging
Top of the 7th over - 0 runs, 2 hits, 0 errors, 2 left on base; Pensacola 1 - Athens 0
BOTTOM OF THE 7TH
Athens Assassins batting - Pitching for Pensacola Pilots : RHP Robin Richmond
Now at 2B: Bryan Long
Batting: RHB Jorge Loanos 0-0: Foul Ball, location: 2F
0-1: Ball
1-1: Foul Ball, location: 2F
1-2: Foul Ball, location: 2F
1-2: Foul Ball, location: 2F
1-2: Ground out 6-3 (Groundball, 6)
Batting: RHB Jake Erickson 0-0: Ball
1-0: Reached on error, E5 (Groundball, 56)
Pinch Hitting: LHB Brian Turner 0-0: Ball
1-0: Ground out 4-3 (Groundball, 34)
Jake Erickson to second
Pinch Hitting: RHB Pat Johnston 0-0: Foul Ball, location: 2F
0-1: Ball
1-1: Foul Ball, location: 2F
1-2: Ball
2-2: Fly out, F3 (Popup, 3F)
Bottom of the 7th over - 0 runs, 0 hits, 1 error, 1 left on base; Pensacola 1 - Athens 0
TOP OF THE 8TH
Pensacola Pilots batting - Pitching for Athens Assassins : RHP Don Ford
Now at 3B: Pat Johnston
Now in RF: Brian Turner
Batting: RHB Tony Pulla 0-0: Foul Ball, location: 2F
0-1: Ball
1-1: Called Strike
1-2: Ball
2-2: Ball
3-2: Ground out 6-3 (Groundball, 6)
Batting: SHB Carlos González 0-0: Ball
1-0: Called Strike
1-1: Ball
2-1: SOLO HOME RUN (Flyball, 9D), Distance : 367 ft
Batting: RHB Albert Morán 0-0: Ball
1-0: Foul Ball, location: 2F
1-1: TRIPLE (Flyball, 89XD)
Batting: LHB Preston Hamilton 0-0: Intentional Walk
Pitching: LHP Fernando García
Batting: RHB Lawrence Davidson 0-0: Swinging Strike
0-1: Foul Ball, location: 2F
0-2: Ball
1-2: SINGLE (Flyball, 8LS)
Albert Morán scores
Preston Hamilton to second
Batting: RHB Felipe Hernández 0-0: Ball
1-0: SINGLE (Groundball, 56D)
Preston Hamilton to third
Lawrence Davidson to second
Batting: RHB George Martin 0-0: Ball
1-0: Foul Ball, location: 2F
1-1: Ball
2-1: Ball
3-1: Foul Ball, location: 2F
3-2: Base on Balls
Preston Hamilton scores
Lawrence Davidson to third
Felipe Hernández to second
Batting: RHB Pietro Ciccoritti 0-0: Foul Ball, location: 2F
0-1: Called Strike
0-2: Ball
1-2: Ball
2-2: Strikes out swinging
Batting: SHB Bryan Long 0-0: Ball
1-0: Ball
2-0: Fly out, F9 (Flyball, 9D)
Top of the 8th over - 3 runs, 4 hits, 0 errors, 3 left on base; Pensacola 4 - Athens 0
BOTTOM OF THE 8TH
Athens Assassins batting - Pitching for Pensacola Pilots : RHP Robin Richmond
Batting: RHB Mel Wells 0-0: Ball
1-0: Ball
2-0: Swinging Strike
2-1: Foul Ball, location: 2F
2-2: Strikes out looking
Pitching: RHP Ramón Flores
Batting: RHB Luis López 0-0: Called Strike
0-1: Foul Ball, location: 2F
0-2: Strikes out looking
Batting: RHB John Jones 0-0: Called Strike
0-1: Swinging Strike
0-2: Foul Ball, location: 2F
0-2: Strikes out looking
Bottom of the 8th over - 0 runs, 0 hits, 0 errors, 0 left on base; Pensacola 4 - Athens 0
TOP OF THE 9TH
Pensacola Pilots batting - Pitching for Athens Assassins : LHP Fernando García
Pitching: LHP Dan Thompson
Batting: RHB Tony Pulla 0-0: Foul Ball, location: 2F
0-1: Swinging Strike
0-2: Foul Ball, location: 2F
0-2: Strikes out looking
Batting: SHB Carlos González 0-0: Foul Ball, location: 2F
0-1: Reached on error, E7 (Flyball, 7S)
Batting: RHB Albert Morán 0-0: Ball
1-0: Ball
2-0: Ball
3-0: Called Strike
3-1: Called Strike
3-2: Foul Ball, location: 2F
3-2: Base on Balls
Carlos González to second
Batting: LHB Preston Hamilton 0-0: Called Strike
0-1: Ball
1-1: Ball
2-1: Fly out, F8 (Flyball, 8RS)
Batting: RHB Lawrence Davidson 0-0: Called Strike
0-1: Ball
1-1: Foul Ball, location: 2F
1-2: Foul Ball, location: 2F
1-2: Ball
2-2: Ground out 4-3 (Groundball, 4D)
Top of the 9th over - 0 runs, 0 hits, 1 error, 2 left on base; Pensacola 4 - Athens 0
BOTTOM OF THE 9TH
Athens Assassins batting - Pitching for Pensacola Pilots : RHP Ramón Flores
Pitching: RHP Scott Willerton
Batting: RHB Jonathon García 0-0: Called Strike
0-1: Ball
1-1: Foul Ball, location: 2F
1-2: Ground out 6-3 (Groundball, 56)
Batting: RHB Maximino Abbado 0-0: Called Strike
0-1: Ground out 5-3 (Groundball, 5)
Batting: RHB Jorge Loanos 0-0: Foul Ball, location: 2F
0-1: Foul Ball, location: 2F
0-2: SINGLE (Groundball, 56D)
Batting: RHB Jake Erickson 0-0: Called Strike
0-1: Ball
1-1: Fielders Choice at 2nd, 5-4 (Groundball, 56)
Bottom of the 9th over - 0 runs, 1 hit, 0 errors, 1 left on base; Pensacola 4 - Athens 0
Saturday, April 7th, 2018 - OOTP Baseball 18.8 Build 76